 Dungeon Crawl Stone Soup version 0.25.1-2-g60ff931df9 (webtiles) character file.

Game seed: 121296457458678237

1498 sankara the Reanimator (level 8, -6/67 HPs)
             Began as a Deep Dwarf Necromancer on Aug 30, 2020.
             Was a Follower of Makhleb.
             Mangled by a hornet zombie (8 damage)
             ... on level 7 of the Dungeon.
             The game lasted 00:46:59 (9370 turns).

sankara the Reanimator (Deep Dwarf Necromancer)     Turns: 9370, Time: 00:47:00

Health: -6/67      AC:  6    Str: 14    XL:     8   Next: 52%
Magic:  12/12      EV: 18    Int: 18    God:    Makhleb [*.....]
Gold:   305        SH:  0    Dex: 19    Spells: 4/13 levels left

rFire    . . .     SeeInvis .   a - +0 dagger
rCold    . . .     Gourm    .   (no shield)
rNeg     . . .     Faith    .   d - +1 robe
rPois    .         Spirit   .   (helmet restricted)
rElec    .         Reflect  .   k - scarf {repulsion}
rCorr    .         Harm     .   j - +2 pair of gloves
MR       +....                  (no boots)
Stlth    +++.......             (no amulet)
HPRegen  0.00/turn              l - +4 ring of evasion
MPRegen  0.13/turn              y - +6 ring of dexterity

@: non-regenerating, repel missiles
A: damage resistance, heal wounds, horns 1, talons 1, sense surroundings 1,
strong 1, no regeneration
a: Heal Wounds, Renounce Religion


You were on level 7 of the Dungeon.
You worshipped Makhleb.
Makhleb was aware of your devotion.
You were not hungry.

You visited 2 branches of the dungeon, and saw 8 of its levels.

You collected 305 gold pieces.

Inventory:

Hand Weapons
 a - a +0 dagger (weapon)
 b - a +0 hunting sling
 p - a +0 whip
 q - a +0 war axe
 A - a cursed +0 trident
 J - a +0 whip
Missiles
 e - 217 stones (quivered)
 m - 2 atropa-tipped darts
 t - 46 sling bullets
 u - 4 throwing nets
 C - 30 poisoned darts
Armour
 d - a +1 robe (worn)
 f - a +0 scale mail
 i - a +0 leather armour
 j - a +2 pair of gloves (worn)
 k - a scarf of repulsion (worn)
 O - a +0 kite shield
Jewellery
 l - a +4 ring of evasion (left hand)
 n - an uncursed amulet of guardian spirit
 r - an uncursed ring of resist corrosion
 s - an uncursed ring of protection from magic
 y - a +6 ring of dexterity (right hand)
 z - an uncursed ring of teleportation
 H - an uncursed ring of attention
 I - an uncursed ring of stealth
 L - an uncursed ring of protection from fire {unknown}
 M - an uncursed ring of stealth
Wands
 D - a wand of clouds (9)
Scrolls
 h - 5 scrolls of identify
 o - a scroll of enchant armour
 w - 2 scrolls of fear {unknown}
 B - a scroll of noise {unknown}
 E - 2 scrolls of teleportation {unknown}
 G - 2 scrolls of blinking {unknown}
Potions
 x - a potion of curing
 F - a potion of stabbing {unknown}
 K - a potion of brilliance {unknown}
 N - a potion of magic {unknown}
Comestibles
 c - 15 rations


   Skills:
 + Level 2.0 Fighting
 + Level 3.4 Dodging
 + Level 4.0 Stealth
 - Level 3.0 Spellcasting
 + Level 10.9 Necromancy


You had 4 spell levels left.
You knew the following spells:

 Your Spells              Type           Power        Failure   Level  Hunger
a - Pain                  Necr           ####         1%          1    None
b - Animate Skeleton      Necr           N/A          1%          1    None
c - Vampiric Draining     Necr           #####.....   1%          3    ###....
d - Animate Dead          Necr           N/A          1%          4    ####...

Your spell library contained the following spells:

 Spells                   Type           Power        Failure   Level  Hunger
 Apportation              Tloc           #.....       16%         1    None
 Corona                   Hex            #......      16%         1    None
 Summon Small Mammal      Summ           #...         16%         1    None
 Agony                    Necr           #####...     4%          5    ######.


Dungeon Overview and Level Annotations

Branches:
Dungeon (7/15)             Temple (1/1) D:5

Altars:
Ashenzari
Cheibriados
Dithmenos
Elyvilon
Fedhas
Gozag
Hepliaklqana
Kikubaaqudgha
Makhleb
Nemelex Xobeh
Okawaru
Qazlal
Ru
Sif Muna
Trog
Uskayaw
Vehumet
Wu Jian
Xom
Yredelemnul
Zin
The Shining One

Shops:
D:6 (

Annotations:
D:4 1 runed translucent door, Nebesus's ghost, amateur HuFi
D:6 2 runed translucent doors


Innate Abilities, Weirdness & Mutations

You are resistant to damage.
You can heal yourself by infusing magical energy.
You passively map a small area around you.
You do not regenerate.
You have a pair of small horns on your head.
You have sharp toenails.
Your muscles are strong. (Str +2)


Message History

You hit the hornet zombie.
The hornet zombie is moderately damaged.
The hornet zombie closely misses you.
You hit the hornet zombie.
The hornet zombie is moderately damaged.
The hornet zombie hits you.
* * * LOW HITPOINT WARNING * * *
You hit the hornet zombie but do no damage.
You claw the hornet zombie.
The hornet zombie is heavily damaged.
The hornet zombie closely misses you. The hornet zombie hits you.
* * * LOW HITPOINT WARNING * * *
You hit the hornet zombie but do no damage.
The hornet zombie is heavily damaged.
The hornet zombie misses you.
You completely miss the hornet zombie. Your kick misses the hornet zombie.
You headbutt the hornet zombie.
The hornet zombie is heavily damaged.
The hornet zombie hits you!
You die...

#.# #.# #(#
#.##............ #.#
#.####.###.###.####.#####
#.# #....).........# *#.#
#.# #...)..####.## * ..#*
* #.###...#### *.# * ###
, #.....<....# .# , *
#.###...##.# .# * #.#
#...##.####§####.#
#.###...##..@Z°§☼=...#
#.......#######○###### *
###..#..# .# #....#..# .#
* #.#.##..# .#
#.#.##..#######.#
#.#.##.>........#
#####.#.#............
.....#....#.########,*


You could see a hornet zombie.

Vanquished Creatures
  Grinder (D:6)
  Menkaure (D:7)
  2 orc warriors
  3 scorpions
  2 crimson imps
  3 hounds
  2 orc priests (D:5)
  A gnoll shaman (D:6)
  A bullfrog skeleton (D:6)
  2 orc wizards
  8 worker ants
  A hound zombie (D:6)
  2 hound skeletons (D:4)
  5 gnolls
  11 adders
  A howler monkey skeleton (D:4)
  An adder skeleton (D:4)
  A dart slug (D:1)
  4 leopard geckos
  16 orcs
  3 giant cockroaches
  6 goblins
  4 hobgoblins
  3 jackals (D:4)
  7 kobolds
  3 quokkas
  6 bats
  8 frilled lizards
  A jackal skeleton (D:4)
  A leopard gecko skeleton (D:5)
  A quokka skeleton (D:4)
  4 rats
115 creatures vanquished.

Vanquished Creatures (collateral kills)
  An ogre (D:2)
  A crimson imp (D:5)
  An orc wizard (D:6)
  A worker ant (D:7)
  2 orcs
  A goblin (D:2)
7 creatures vanquished.

Grand Total: 122 creatures vanquished

Notes
Turn   | Place    | Note
-------+----------+-------------------------------------------
     0 | D:1      | sankara the Deep Dwarf Necromancer began the quest for the
                  | Orb.
     0 | D:1      | Reached XP level 1. HP: 15/15 MP: 3/3
     2 | D:1      | Learned a level 1 spell: Animate Skeleton
   404 | D:1      | Reached XP level 2. HP: 20/22 MP: 1/4
  1313 | D:2      | Reached skill level 5 in Necromancy
  1313 | D:2      | Reached XP level 3. HP: 24/28 MP: 3/6
  1318 | D:2      | Learned a level 3 spell: Vampiric Draining
  1477 | D:2      | Found a shattered altar of Ashenzari.
  1481 | D:2      | Noticed an ogre
  2528 | D:2      | Killed an ogre
  2528 | D:2      | Reached skill level 6 in Necromancy
  2528 | D:2      | Reached XP level 4. HP: 17/36 MP: 1/7
  3107 | D:3      | Reached XP level 5. HP: 31/42 MP: 4/8
  3941 | D:3      | Reached skill level 7 in Necromancy
  4310 | D:4      | Reached XP level 6. HP: 39/49 MP: 0/9
  4511 | D:3      | Reached skill level 8 in Necromancy
  4844 | D:4      | Found a runed translucent door.
  4846 | D:4      | Noticed Nebesus's ghost (amateur HuFi)
  5017 | D:4      | Found an iron altar of Okawaru.
  5534 | D:4      | Gained mutation: You have sharp toenails. [potion of
                  | mutation]
  5534 | D:4      | Gained mutation: You have a pair of small horns on your
                  | head. [potion of mutation]
  5534 | D:4      | Gained mutation: Your muscles are strong. (Str +2) [potion
                  | of mutation]
  5631 | D:5      | Entered Level 5 of the Dungeon
  5770 | D:5      | Found a hide-covered altar of Uskayaw.
  5770 | D:5      | Found a stormy altar of Qazlal.
  5770 | D:5      | Found a burning altar of Makhleb.
  5770 | D:5      | Found a blossoming altar of Fedhas.
  5775 | D:5      | Became a worshipper of Makhleb the Destroyer
  5797 | D:5      | Reached skill level 9 in Necromancy
  5797 | D:5      | Reached XP level 7. HP: 38/55 MP: 3/10
  5856 | D:5      | Learned a level 4 spell: Animate Dead
  6119 | D:5      | Found a white marble altar of Elyvilon.
  6120 | D:5      | Found a sacrificial altar of Ru.
  6173 | D:5      | Found a staircase to the Ecumenical Temple.
  6730 | Temple   | Entered the Ecumenical Temple
  7386 | D:6      | Reached skill level 10 in Necromancy
  7772 | D:6      | Reached * piety under Makhleb
  7786 | D:6      | Found a runed translucent door.
  7850 | D:6      | Found a runed translucent door.
  7932 | D:6      | Reached XP level 8. HP: 35/62 MP: 3/11
  8317 | D:6      | Found Voasoem's Antique Weapon Shop.
  8319 | D:6      | Noticed Grinder
  8357 | D:6      | Killed Grinder
  8357 | D:6      | Reached skill level 1 in Fighting
  8461 | D:6      | Found an opulent altar of Gozag.
  9033 | D:7      | Noticed Menkaure
  9069 | D:7      | Killed Menkaure
  9368 | D:7      | HP: 2/67 [hornet zombie (2)]
  9370 | D:7      | Mangled by a hornet zombie

Illustrated notes

Levels and vault maps discovered:
D:1:      psy_arrival_statuary, layout_basic
D:2:      layout_loops_ring, evilmike_ruin_ashenzari
D:3:      layout_loops_ring
D:4:      layout_basic, okawaru_ov_weapons_minmay, ebering_ghost_inner_flame,
          first_ration
D:5:      layout_gridville, chequers_temple_overflow_statue_of_worship,
          grunt_temple_overflow_open, minmay_temple_entry_large_hall
D:6:      lemuel_insect_pit, layout_loops_corners, kennysheep_mini,
          serial_shops, shop, uniq_grinder
D:7:      layout_loops_ring, serial_shops, shop, grunt_livestock, uniq_menkaure
Temple:   eino_narrow_crystal_temple

Skill      XL: |  1  2  3  4  5  6  7  8 |
---------------+-------------------------+-----
Spellcasting   | 2 3 |  3.0
Necromancy     | 5 6 7 9 10 | 10.9
Dodging        | 3 |  3.4
Fighting       | 2 |  2.0
Stealth        | 4 |  4.0

Action                   |  1- 3 |  4- 6 |  7- 9 || total
-------------------------+-------+-------+-------++-------
Melee: Dagger            |    16 |   164 |   140 ||   320
       Kick              |       |       |    45 ||    45
       Headbutt          |       |       |    29 ||    29
 Fire: Hunting sling     |    16 |     3 |       ||    19
Throw: Stone             |       |     1 |       ||     1
       Dart              |       |       |    27 ||    27
       Boomerang         |       |       |     2 ||     2
 Cast: Pain              |    36 |    24 |    15 ||    75
       Animate Skeleton  |    14 |     9 |    14 ||    37
       Vampiric Draining |    13 |    40 |    41 ||    94
Evoke: Wand              |       |       |     4 ||     4
  Use: Scroll            |     1 |     3 |     2 ||     6
       Potion            |       |     5 |     2 ||     7
 Stab: Sleeping          |     5 |     2 |     4 ||    11
  Eat: Chunk             |     7 |    14 |    14 ||    35
       Ration            |       |       |     1 ||     1
Armor: Robe              |    14 |    43 |    38 ||    95
Dodge: Dodged            |    56 |   177 |   171 ||   404
       Repelled          |       |       |     1 ||     1
